 Dungeon Crawl Stone Soup version 0.27-a0-1591-gc56fcc985a (webtiles) character file.

Game seed: 18121565846748262812

150 Gwenloh the Chopper (level 5, -2/45 HPs)
             Began as a Hill Orc Fighter on July 19, 2021.
             Was a Follower of Kikubaaqudgha.
             Slain by an orc (3 damage)
             ... on level 3 of the Dungeon.
             The game lasted 00:06:32 (2929 turns).

Gwenloh the Chopper (Hill Orc Fighter)              Turns: 2929, Time: 00:06:33

Health: -2/45      AC:  3    Str: 19    XL:     5   Next: 32%
Magic:  5/5        EV:  8    Int:  8    God:    Kikubaaqudgha [*.....]
Gold:   71         SH:  9    Dex: 11    Spells: 4/4 levels left

rFire    . . .     SeeInvis .   a - +0 war axe
rCold    . . .     Faith    .   c - +0 kite shield
rNeg     . . .     Spirit   .   h - +0 leather armour
rPois    .         Reflect  .   (no helmet)
rElec    .         Harm     .   (no cloak)
rCorr    .         Rampage  .   (no gloves)
Will     .....                  (no boots)
Stlth    +.........             (no amulet)
HPRegen  0.15/turn              (no ring)
MPRegen  0.09/turn              (no ring)

@: no status effects
A: no striking features
a: Renounce Religion, Receive Corpses


You were on level 3 of the Dungeon.
You worshipped Kikubaaqudgha.
Kikubaaqudgha was aware of your devotion.
You visited 1 branch of the dungeon, and saw 3 of its levels.

You collected 71 gold pieces.

Inventory:

Hand Weapons
 a - a +0 war axe (weapon)
Missiles
 e - 135 stones
 l - 4 boomerangs (quivered)
Armour
 b - a +0 scale mail
 c - a +0 kite shield (worn)
 h - a +0 leather armour (worn)
 j - a +0 ring mail
Scrolls
 f - 2 scrolls of identify {unknown}
 k - a scroll of enchant weapon {unknown}
Potions
 d - a potion of might
 g - a potion of berserk rage {unknown}
 i - 2 potions of curing {unknown}


   Skills:
 - Level 3.6 Fighting
 + Level 5.7 Axes
 + Level 3.8 Armour
 + Level 3.8 Shields
 + Level 1.5 Necromancy


You had 4 spell levels left.
You didn't know any spells.
Your spell library contained the following spells:

 Spells                   Type           Power      Damage    Failure   Level
 Animate Skeleton         Necr           4%         N/A       75%         1
 Pain                     Necr           8%         1d4       75%         1
 Sublimation of Blood     Necr           1%         N/A       87%         2
 Vampiric Draining        Necr           1%         2d6       98%         3


Dungeon Overview and Level Annotations

Branches:
Dungeon (3/15)

Altars:
Kikubaaqudgha


Message History

You hit the orc but do no damage.
The orc is heavily wounded.
You closely miss something. Something hits you.
The orc hits you but does no damage. Something hits you.
The orc hits you with a +0 flail.
You slash the orc!
You kill the orc!
Kikubaaqudgha accepts your kill.
You hit something. Something hits you.
You hear some strange, mumbled words.
You are confused.
You see here a +0 flail.
You bump into the rock wall.
The orc barely misses you. Something hits you.
You bump into the rock wall.
The orc closely misses you.
You hear some strange, mumbled words.
You are more confused.
You closely miss the orc. You completely miss something.
The orc hits you but does no damage. Something hits you. x2
The orc barely misses you.
You miss the orc. You miss something. Something hits you but does no damage.
The orc barely misses you.
You bump into the rock wall.
The orc hits you with a +0 short sword.
You hear some strange, mumbled words.
Something tries to affect you, but you resist.
You bump into the rock wall.
The orc hits you with a +0 short sword.
* * * LOW HITPOINT WARNING * * *
You hear some strange, mumbled words.
A puff of flame appears from out of thin air!
The puff of flame hits you.
* * * LOW HITPOINT WARNING * * *
You bump into the rock wall.
The orc barely misses you. Something hits you.
* * * LOW HITPOINT WARNING * * *
You bump into the rock wall.
The orc hits you with a +0 short sword.
* * * LOW HITPOINT WARNING * * *
Something hits you but does no damage.
You closely miss the orc. You miss something.
You feel less confused. The orc hits you with a +0 short sword.
You die...
Kikubaaqudgha rasps: "You have failed me!
Welcome... death!"

#####.####
#o#.###
#........# #o#.#
#........# #.#.#
#........###.#..
#..........#.###
#........#.#.#
########.....#
#{......###
#@###.### #o#
#.# #o###.#
#o....# #.[...#
#.....# #....)#
#...<.# #.....#


You could see 3 orcs.

Vanquished Creatures
  An orc priest (D:3)
  An orc wizard (D:2)
  2 adders (D:2)
  2 worms (D:2)
  A dart slug (D:1)
  4 orcs
  5 ball pythons
  4 bats
  4 endoplasms
  4 giant cockroaches
  6 goblins
  7 hobgoblins
  3 jackals (D:1)
  7 kobolds
  2 quokkas (D:1)
  3 frilled lizards
  6 rats
62 creatures vanquished.

Notes
Turn   | Place    | Note
-------+----------+-------------------------------------------
     0 | D:1      | Gwenloh the Hill Orc Fighter began the quest for the Orb.
     0 | D:1      | Reached XP level 1. HP: 19/19 MP: 1/1
    18 | D:1      | Reached skill level 3 in Axes
    56 | D:1      | Reached XP level 2. HP: 24/26 MP: 2/2
   108 | D:1      | Reached skill level 4 in Axes
   202 | D:1      | Found a faded altar of an unknown god.
   429 | D:1      | Reached XP level 3. HP: 31/31 MP: 3/3
   594 | D:1      | Reached skill level 5 in Axes
   642 | D:1      | Became a worshipper of Kikubaaqudgha
   642 | D:1      | Reached * piety under Kikubaaqudgha
   642 | D:1      | Received a gift from Kikubaaqudgha
  1123 | D:2      | Reached XP level 4. HP: 35/39 MP: 4/4
  2010 | D:3      | Reached skill level 1 in Necromancy
  2519 | D:2      | Reached XP level 5. HP: 22/45 MP: 5/5
  2928 | D:3      | HP: 1/45 [orc (3)]
  2929 | D:3      | Slain by an orc

Illustrated notes

Levels and vault maps discovered:
D:1:      lemuel_arrival_room, layout_basic,
          hellmonk_ecumenical_altar_dog_temple
D:2:      layout_basic, grunt_ministairs_11, hangedman_glass_teeth
D:3:      layout_basic, nrook_mini_vaults, hangedman_abyss_or_decor_stabs,
          kennysheep_minor_cross

Skill      XL: |  1  2  3  4 |
---------------+-------------+-----
Axes           | 3 4 5 |  5.7
Necromancy     | 1 |  1.5
Fighting       | |  3.6
Armour         | |  3.8
Shields        | |  3.8

Action                   |  1- 3 |  4- 6 || total
-------------------------+-------+-------++-------
Melee: War axe           |   112 |    83 ||   195
Throw: Stone             |    31 |    18 ||    49
       Boomerang         |       |     7 ||     7
Armor: Scale mail        |    41 |       ||    41
       Leather armour    |     8 |    19 ||    27
Dodge: Dodged            |    44 |    29 ||    73
Block: Kite shield       |    64 |    43 ||   107

Table legend: (Time is in decaauts)
 A = Elapsed time spent in this place.
 B = Non-inter-level travel time spent in this place.
 C = Inter-level travel time spent in this place.
 D = Time resting spent in this place.
 E = Time spent auto-exploring this place.
 F = Levels seen in this place.
 G = Mean time per level.
                   A        B        C        D        E       F      G
               +--------+--------+--------+--------+--------+-----+--------+
         Total |   3049 |   2928 |    121 |    467 |   1803 |   3 | 1016.3 |
       Dungeon |   3049 |   2928 |    121 |    467 |   1803 |   3 | 1016.3 |
               +--------+--------+--------+--------+--------+-----+--------+

Top non-repeatable levels by time:
     D:2: 1754 daAuts
     D:1: 922 daAuts
     D:3: 372 daAuts
